 Dungeon Crawl Stone Soup version 0.27-a0-773-gaaee5cf45b (webtiles) character file.

Game seed: 17714026744642568237

44 rageheart7 the Skirmisher (level 3, -1/30 HPs)
             Began as a Demonspawn Abyssal Knight on Mar 25, 2021.
             Was a Follower of Lugonu.
             Slain by a jackal (2 damage)
             ... on level 2 of the Dungeon.
             The game lasted 00:02:31 (1607 turns).

rageheart7 the Skirmisher (DsAK)                    Turns: 1607, Time: 00:02:32

Health: -1/30      AC:  3    Str: 13    XL:     3   Next: 41%
Magic:  4/4        EV: 11    Int: 13    God:    Lugonu [*.....]
Gold:   34         SH:  0    Dex: 12    Spells: 2/2 levels left

rFire    . . .     SeeInvis .   a - +1 mace
rCold    . . .     Faith    .   (no shield)
rNeg     . . .     Spirit   .   b - +0 leather armour
rPois    .         Reflect  .   (no helmet)
rElec    .         Harm     .   (no cloak)
rCorr    .         Rampage  .   (no gloves)
Will     .....                  (no boots)
Stlth    +.........             (no amulet)
HPRegen  0.10/turn              (no ring)
MPRegen  0.09/turn              (no ring)

@: no status effects
A: foul stench 1
a: Renounce Religion, Depart the Abyss


You were on level 2 of the Dungeon.
You worshipped Lugonu.
Lugonu was aware of your devotion.
You visited 1 branch of the dungeon, and saw 2 of its levels.
You visited the Abyss 1 time.

You collected 34 gold pieces.

Inventory:

Hand Weapons
 a - a +1 mace (weapon)
Armour
 b - a +0 leather armour (worn)
Jewellery
 i - a ring of positive energy
Scrolls
 c - a scroll of identify {unknown}
 d - a scroll of acquirement {unknown}
 e - a scroll of amnesia {unknown}
 f - 3 scrolls of enchant weapon {unknown}
 g - a scroll of blinking {unknown}
 h - a scroll of magic mapping {unknown}


   Skills:
 + Level 3.8 Fighting
 + Level 2.7 Maces & Flails
 - Level 1.7 Armour
 - Level 0.8 Dodging
 - Level 2.4 Invocations


You had 2 spell levels left.
You didn't know any spells.
Your spell library was empty.

Dungeon Overview and Level Annotations

Branches:
Dungeon (2/15)

Altars:

Annotations:
D:2 Sigmund


Innate Abilities, Weirdness & Mutations

You may rarely emit foul miasma when damaged in melee.


Message History

You kill the jackal!
Lugonu accepts your kill. The jackal barely misses you. The jackal bites you.
* * * LOW HITPOINT WARNING * * *
The frilled lizard bites you.
* * * LOW HITPOINT WARNING * * *
You barely miss the jackal.
The jackal bites you but does no damage.
The frilled lizard bites you.
* * * LOW HITPOINT WARNING * * *
The jackal bites you but does no damage.
You hit the jackal.
The jackal is moderately wounded.
The jackal bites you but does no damage.
The frilled lizard bites you but does no damage.
The jackal barely misses you.
You closely miss the jackal.
The jackal is moderately wounded.
The frilled lizard barely misses you. The jackal barely misses you.
The frilled lizard completely misses you.
You closely miss the jackal.
The jackal is moderately wounded.
The jackal closely misses you. The jackal barely misses you.
The frilled lizard bites you but does no damage.
You closely miss the jackal.
The jackal is lightly wounded.
The jackal barely misses you.
The frilled lizard bites you but does no damage.
The jackal bites you but does no damage.
You aren't carrying any potions.
You hit the jackal.
The jackal is severely wounded.
The jackal closely misses you.
The frilled lizard bites you but does no damage.
The jackal bites you.
* * * LOW HITPOINT WARNING * * *
You completely miss the jackal.
The jackal is severely wounded.
The frilled lizard closely misses you. The jackal bites you.
You die...

#.##...........
#..#.........#
##..........#
###........#
#........#
#........#
###........#
#...........#
#)......h@...#
#....####.l###
#..). .!...
♣.)♣. #.......
♣♣. #.....[.#
#.......#
#.......#
#.......#


You could see a jackal and a frilled lizard.

Vanquished Creatures
  An adder (D:2)
  5 hobgoblins
  2 jackals (D:2)
  6 quokkas
  2 ball pythons
  3 bats (D:2)
  A frilled lizard (D:1)
  5 goblins (D:1)
  4 kobolds (D:1)
  3 rats
32 creatures vanquished.

Notes
Turn   | Place    | Note
-------+----------+-------------------------------------------
     0 | Abyss:1  | rageheart7 the Demonspawn Abyssal Knight began the quest
                  | for the Orb.
     0 | Abyss:1  | Reached XP level 1. HP: 18/18 MP: 2/2
    47 | Abyss:1  | Noticed a thrashing horror
    50 | D:1      | Escaped the Abyss
   426 | D:1      | Gained mutation: You may rarely emit foul miasma when
                  | damaged in melee. [demonic ancestry]
   426 | D:1      | Reached XP level 2. HP: 24/24 MP: 3/3
   525 | D:1      | Reached * piety under Lugonu
  1020 | D:2      | Noticed Sigmund
  1322 | D:2      | Reached XP level 3. HP: 11/30 MP: 4/4
  1606 | D:2      | HP: 1/30 [jackal (2)]
  1607 | D:2      | Slain by a jackal

Illustrated notes

Levels and vault maps discovered:
D:1:      dpeg_arrival_morbid_curiosity, layout_rooms, chequers_arboretum
D:2:      lemuel_upstairs_altar, layout_rooms, uniq_sigmund,
          uniq_crazy_yiuf_cottage, uniq_natasha

Skill      XL: |  1 |
---------------+----+-----
Maces & Flails | 2 |  2.7
Fighting       | |  3.8
Armour         | |  1.7
Dodging        | |  0.8
Invocations    | |  2.4

Action                   || total
-------------------------++-------
Melee: Mace              ||   106
Invok: Depart the Abyss  ||     1
  Use: Potion            ||     2
Armor: Leather armour    ||    64
Dodge: Dodged            ||   124

Table legend: (Time is in decaauts)
 A = Elapsed time spent in this place.
 B = Non-inter-level travel time spent in this place.
 C = Inter-level travel time spent in this place.
 D = Time resting spent in this place.
 E = Time spent auto-exploring this place.
 F = Levels seen in this place.
 G = Mean time per level.
                   A        B        C        D        E       F      G
               +--------+--------+--------+--------+--------+-----+--------+
         Total |   1639 |   1563 |     76 |    393 |    943 |   3 |  546.3 |
       Dungeon |   1589 |   1513 |     76 |    393 |    897 |   2 |  794.5 |
         Abyss |     50 |     50 |      0 |      0 |     46 |   1 |   50.0 |
               +--------+--------+--------+--------+--------+-----+--------+

Top non-repeatable levels by time:
     D:1: 1235 daAuts
     D:2: 354 daAuts
 Abyss:1: 50 daAuts
